Map: [ESL] Ghost River

Players

milkicow

  • Race: Terran Terran
  • Spawn Location: 1:00

DnS - Winner!

  • Race: Protoss Protoss
  • Spawn Location: 11:00

Event: ESL SC2 Masters 2024 Spring (Regional)

VOD

Have the link to the VOD?

Description

Time

  • Played on: April 17, 2024, 2:23 p.m.
  • Length: 19:26

All games in this series

Show
View Real Time Build Order
Export as new Build Order

milkicow Terran 

Build Orders: 1/1/1 

Get SALT Encoding   

  12  0:00  SCV  
  13  0:12  SCV  
  14  0:17  Supply Depot  
  14  0:24  SCV  
  15  0:38  SCV  
  15  0:42  Barracks  
  16  0:46  Refinery  
  16  0:51  SCV  
  16  0:54  Refinery  
  17  1:03  SCV  
  18  1:15  SCV  
  19  1:29  Orbital Command  
  19  1:35  Factory  
  19  1:42  Reaper  
  20  1:48  Supply Depot  
  20  1:56  SCV  
  21  2:09  SCV  
  21  2:15  Barracks Reactor  
  22  2:19  Hellion  
  24  2:22  Starport  
  24  2:24  SCV  
  25  2:36  Command Center  
  25  2:43  Hellion  
  27  2:48  Supply Depot  
  28  2:51  SCV  
  28  2:53  Marine  
  28  2:54  Marine  
  30  3:09  SCV  
  30  3:10  Medivac  
  33  3:18  Cyclone x2  
  37  3:21  SCV  
  37  3:22  Marine  
  39  3:45  SCV  
  39  3:50  Orbital Command  
  39  3:55  Cyclone x2  
  43  3:57  SCV  
  43  4:01  Viking  
  46  4:06  Barracks Tech Lab  
  46  4:15  SCV  
  46  4:16  SCV  
  48  4:21  Supply Depot  
  48  4:27  SCV  
  49  4:33  SCV  
  50  4:39  SCV  
  50  4:43  Cyclone  
  50  4:44  Cyclone  
  53  4:46  SCV  
  53  4:51  Command Center  
  53  4:52  SCV  
  52  4:58  SCV  
  51  5:04  SCV  
  51  5:06  Stimpack, Marine  
  51  5:10  Engineering Bay x2  
  51  5:11  SCV  
  52  5:16  SCV  
  52  5:18  Barracks  
  52  5:19  Barracks  
  53  5:21  Refinery  
  53  5:22  Factory Tech Lab  
  53  5:23  SCV  
  53  5:24  Marine  
  53  5:28  SCV  
  55  5:31  Liberator  
  55  5:34  Supply Depot  
  55  5:35  SCV  
  59  5:39  Terran Infantry Weapons Level 1  
  59  5:40  SCV, Refinery  
  60  5:45  Marine  
  60  5:47  SCV  
  62  5:52  Barracks  
  62  5:54  Barracks  
  62  5:55  Missile Turret  
  62  5:56  SCV  
  63  6:02  SCV  
  61  6:07  Terran Infantry Armor Level 1  
  61  6:08  SCV  
  61  6:10  Marine  
  61  6:11  Marine x2  
  65  6:15  Bunker  
  65  6:17  SCV, Starport Reactor  
  66  6:20  SCV  
  66  6:24  Orbital Command  
  67  6:28  Marine x2  
  67  6:29  SCV, Marauder  
  72  6:36  Marine  
  72  6:37  SCV  
  74  6:41  SCV, Factory Reactor  
  74  6:44  Factory Tech Lab  
  74  6:45  Combat Shield  
  74  6:46  Marine x2  
  77  6:48  Barracks Reactor  
  77  6:49  SCV  
  77  6:51  Orbital Command, Marauder  
  77  6:54  Marine  
  81  6:56  SCV, Supply Depot  
  81  7:01  SCV  
  83  7:08  Marine  
  84  7:10  Marine  
  85  7:18  SCV x3, Siege Tank, Marauder  
  85  7:19  Supply Depot  
  93  7:23  Supply Depot  
  93  7:27  Marine  
  93  7:28  Marauder  
  93  7:29  Marine  
  90  7:30  SCV  
  90  7:33  Marine  
  90  7:35  Medivac  
  90  7:36  Barracks Tech Lab  
  93  7:40  SCV x2, Medivac  
  93  7:41  Supply Depot, Marauder  
  93  7:42  SCV  
  100  7:45  Supply Depot  
  100  7:47  Armory  
  97  7:51  Marine  
  97  7:52  SCV x2, Marauder  
  97  7:55  SCV  
  97  7:57  Siege Tank  
  105  8:05  SCV  
  105  8:07  Medivac  
  105  8:08  Marauder, Marine  
  105  8:09  SCV x2, Marauder, Marine  
  105  8:10  Medivac  
  117  8:14  Refinery  
  117  8:15  Refinery, Marauder  
  117  8:17  SCV  
  120  8:21  SCV  
  120  8:23  Marine  
  120  8:28  SCV  
  120  8:29  Marine  
  120  8:30  Marauder  
  120  8:31  SCV  
  125  8:35  Terran Infantry Weapons Level 2  
  125  8:36  Terran Infantry Armor Level 2  
  125  8:40  Marine  
  125  8:52  SCV  
  125  8:55  Supply Depot x2, Terran Ship Weapons Level 1  
  125  8:59  Command Center  
  125  9:05  SCV  
  125  9:16  SCV x2, Marauder x2, Marine x2  
  133  9:17  SCV, Siege Tank, Marauder, Viking  
  133  9:18  Supply Depot  
  133  9:20  Supply Depot  
  141  9:24  Sensor Tower  
  141  9:25  Ghost Academy  
  141  9:29  Supply Depot  
  141  9:30  Supply Depot, Marine  
  141  9:39  SCV x3, Marine, Viking  
  141  9:40  Marauder  
  141  9:41  Supply Depot  
  141  9:42  Marauder  
  141  9:43  Supply Depot  
  151  9:48  Viking  
  151  9:51  SCV x2, Siege Tank  
  158  9:58  Ghost  
  159  10:00  Ghost  
  159  10:01  SCV  
  159  10:02  Ghost  
  159  10:04  SCV x2  
  165  10:09  Viking  
  165  10:13  SCV, Marine x2  
  170  10:16  SCV  
  170  10:17  Missile Turret  
  170  10:19  Marine  
  172  10:22  Command Center  
  172  10:25  Barracks, Viking  
  172  10:27  SCV, Barracks  
  176  10:29  Ghost  
  176  10:31  Ghost  
  176  10:32  Siege Tank  
  176  10:34  SCV x2  
  176  10:35  Refinery x2  
  183  10:41  Viking  
  185  10:45  Missile Turret  
  185  10:48  Ghost  
  187  10:54  Planetary Fortress  
  184  11:04  Siege Tank  
  184  11:07  Marine  
  184  11:08  Marauder, Marine  
  189  11:14  Command Center  
  189  11:15  Command Center  
  189  11:22  Terran Infantry Weapons Level 3, Terran Infantry Armor Level 3  
  189  11:24  SCV x2  
  191  11:28  Terran Ship Weapons Level 2  
  191  11:44  Marauder, Marine  
  175  11:47  Liberator x2  
  175  11:51  Barracks Tech Lab  
  181  11:55  Factory Reactor  
  181  11:57  Command Center, Missile Turret  
  181  11:59  Command Center  
  181  12:14  Marauder, Marine  
  181  12:15  Concussive Shells  
  169  12:17  Marine  
  169  12:18  Marauder  
  169  12:19  Ghost  
  169  12:20  Marine  
  166  12:25  Marine  
  166  12:26  Orbital Command  
  166  12:28  Orbital Command  
  166  12:29  Liberator, Missile Turret  
  167  12:35  Missile Turret  
  167  12:36  Liberator, Marauder  
  179  12:37  Widow Mine x2  
  179  12:39  Marauder  
  179  12:47  Ghost  
  173  12:51  SCV  
  170  12:58  SCV  
  170  13:03  Planetary Fortress  
  171  13:05  Ghost  
  171  13:07  Marine  
  171  13:08  Marine, Marauder  
  171  13:09  Marauder  
  171  13:12  Liberator, Orbital Command x2  
  182  13:20  Starport  
  182  13:21  Fusion Core  
  181  13:34  SCV  
  182  13:37  Liberator, Ghost  
  187  13:41  SCV  
  187  13:45  Sensor Tower, Command Center  
  187  13:54  SCV, Ghost  
  187  13:55  Liberator  
  189  13:57  SCV, Starport Reactor  
  189  14:00  SCV  
  189  14:09  SCV  
  183  14:13  SCV  
  183  14:14  Advanced Ballistics  
  183  14:15  Personal Cloaking, Terran Ship Weapons Level 3  
  183  14:16  SCV  
  183  14:17  SCV x2  
  181  14:31  Viking  
  187  14:35  Armory  
  187  14:36  Neosteel Armor, Hi-Sec Auto Tracking  
  124  14:38  Viking  
  183  14:39  Refinery  
  183  14:41  Refinery, Starport, Marine x3  
  188  14:48  Factory Reactor  
  188  15:04  Liberator  
  188  15:05  Liberator, Orbital Command  
  190  15:19  SCV  
  178  15:38  Terran Vehicle And Ship Armor Level 1  
  178  15:43  Liberator x2  
  178  15:48  Nuke  
  184  15:53  Marine, Viking x2  
  184  15:54  Marine x2  
  164  16:04  Ghost  
  156  16:11  Ghost  
  156  16:13  Marauder, Marine  
  159  16:19  Liberator, Marauder, Marine  
  159  16:20  Liberator  
  159  16:23  Liberator x2  
  159  16:24  Ghost Academy  
  177  16:26  Liberator x2  
  177  16:28  Command Center  
  177  16:29  Command Center  
  177  16:31  Orbital Command  
  180  16:51  SCV, Ghost Academy  
  173  17:02  Liberator x2  
  173  17:04  Marine x3  
  173  17:06  Viking x2  
  173  17:08  Ghost, Marine x2  
  167  17:09  Liberator x2  
  167  17:10  SCV  
  167  17:11  Marine  
  178  17:19  Ghost  
  184  17:22  Widow Mine  
  184  17:23  Widow Mine  
  184  17:36  Liberator x2  
  187  17:43  Marine x2  
  187  17:44  Marine x6  
  161  17:45  Liberator x2  
  161  17:46  Orbital Command  
  161  17:48  Marine  
  167  17:52  Liberator x2  
  167  17:53  SCV  
  174  18:01  Widow Mine x2, SCV, Marine x2  
  174  18:02  Marine x3  
  174  18:03  SCV, Marauder  
  169  18:16  Marine  
  169  18:17  Marauder  
  169  18:19  Viking x2  
  147  18:22  Marine  
  147  18:23  SCV, Marauder  
  145  18:28  Liberator x2, Marine x2  
  145  18:30  SCV  
  154  18:35  Orbital Command  
  154  18:39  Ghost  
  155  18:42  Marine  
  155  18:48  Marauder, Marine  
  145  18:53  Marauder  
  149  18:59  Marine  
  153  19:04  Marine  
  153  19:05  Marauder  
Show
View Real Time Build Order
Export as new Build Order

DnS Protoss - Winner!

Build Orders: 1 Gate Expand, Oracle Opening, Phoenix Opening, Carriers 

Get SALT Encoding   

  12  0:00  Probe  
  13  0:12  Probe  
  14  0:18  Pylon  
  14  0:24  Probe  
  15  0:36  Probe (Chrono Boost)  
  15  0:39  Gateway  
  16  0:46  Probe (Chrono Boost)  
  16  0:48  Assimilator  
  17  0:51  Probe (Chrono Boost)  
  18  1:03  Probe  
  19  1:15  Probe  
  20  1:26  Cybernetics Core  
  20  1:36  Nexus  
  20  1:40  Probe  
  20  1:46  Pylon  
  21  1:52  Probe  
  22  1:55  Assimilator  
  22  2:02  Adept (Chrono Boost)  
  22  2:04  Probe  
  25  2:17  Probe  
  25  2:18  Stargate  
  25  2:25  Adept  
  25  2:29  Probe  
  28  2:36  Shield Battery  
  23  2:37  Warp Gate  
  28  2:41  Probe  
  29  2:52  Probe (Chrono Boost)  
  29  2:56  Adept  
  33  3:02  Probe x2 (Chrono Boost)  
  33  3:04  Oracle (Chrono Boost)  
  34  3:07  Probe (Chrono Boost)  
  34  3:10  Probe  
  39  3:15  Pylon  
  39  3:19  Probe  
  40  3:23  Probe  
  41  3:31  Probe  
  41  3:33  Phoenix (Chrono Boost)  
  44  3:35  Probe  
  45  3:43  Probe  
  45  3:47  Probe  
  47  3:48  Gateway  
  47  3:57  Phoenix (Chrono Boost)  
  47  3:58  Probe  
  47  4:01  Robotics Facility  
  47  4:06  Probe  
  47  4:08  Assimilator  
  47  4:09  Pylon, Assimilator  
  48  4:14  Probe  
  49  4:18  Probe  
  49  4:19  Phoenix  
  52  4:26  Probe  
  52  4:30  Probe  
  52  4:31  Stalker  
  53  4:38  Probe  
  53  4:42  Stalker, Probe  
  52  4:50  Probe  
  52  4:52  Immortal  
  57  4:54  Stalker, Probe  
  58  5:06  Probe x2  
  60  5:11  Pylon  
  60  5:12  Stalker  
  62  5:23  Robotics Bay  
  62  5:29  Observer, Probe  
  62  5:30  Probe  
  62  5:33  Nexus  
  65  5:37  Sentry  
  65  5:41  Probe  
  69  5:42  Probe  
  69  5:45  Pylon  
  69  5:58  Pylon  
  69  6:02  Probe  
  69  6:03  Phoenix, Probe  
  73  6:14  Pylon  
  73  6:15  Probe (Chrono Boost), Colossus (Chrono Boost)  
  80  6:23  Probe (Chrono Boost)  
  81  6:27  Probe (Chrono Boost)  
  81  6:28  Twilight Council  
  81  6:29  Phoenix, Forge  
  85  6:33  Probe (Chrono Boost)  
  85  6:34  Probe (Chrono Boost)  
  85  6:38  Probe (Chrono Boost)  
  84  6:41  Probe  
  84  6:45  Shield Battery  
  87  6:47  Probe  
  87  6:50  Probe  
  87  6:52  Protoss Ground Weapons Level 1 (Chrono Boost)  
  87  6:53  Stalker  
  87  6:54  Charge (Chrono Boost), Phoenix, Stalker, Probe  
  93  6:59  Probe  
  96  7:09  Probe x2  
  96  7:10  Colossus  
  104  7:19  Stalker x2  
  104  7:20  Probe  
  109  7:31  Probe  
  109  7:38  Pylon  
  109  7:39  Extended Thermal Lance  
  109  7:40  Pylon  
  109  7:42  Pylon  
  109  7:45  Gateway  
  109  7:47  Gateway  
  109  7:49  Gateway  
  109  7:50  Probe  
  108  7:56  Phoenix, Gateway  
  108  7:58  Gateway  
  110  8:00  Gateway, Colossus (Chrono Boost)  
  114  8:15  Forge, Gateway  
  114  8:18  Zealot x2  
  118  8:21  Phoenix  
  118  8:26  Blink  
  120  8:28  Nexus  
  120  8:30  Pylon  
  120  8:31  Probe x2  
  120  8:32  Probe  
  123  8:41  Protoss Ground Armor Level 1 (Chrono Boost)  
  123  8:43  Pylon, Protoss Ground Weapons Level 2 (Chrono Boost)  
  123  8:57  Zealot, Shield Battery, Probe x3  
  128  9:03  Zealot x5  
  128  9:04  Zealot  
  128  9:07  Pylon, Observer  
  140  9:13  Zealot  
  140  9:14  Probe x3  
  146  9:20  Photon Cannon  
  146  9:22  Pylon  
  146  9:27  Pylon  
  146  9:28  Pylon  
  146  9:29  Robotics Facility  
  146  9:30  Pylon  
  146  9:37  Disruptor (Chrono Boost)  
  146  9:40  Observer  
  146  9:41  Probe x2  
  146  9:42  Probe x2  
  154  9:52  Gateway  
  154  9:53  Gateway  
  154  9:54  Zealot x4, Sentry  
  164  10:09  Disruptor  
  164  10:11  Dark Shrine  
  164  10:12  Nexus  
  168  10:14  Pylon  
  168  10:18  Disruptor  
  168  10:20  Probe x3  
  168  10:21  Assimilator  
  175  10:25  Dark Shrine  
  175  10:34  Zealot x8  
  191  10:37  Probe x4  
  195  10:46  Photon Cannon  
  195  10:48  Photon Cannon  
  195  10:51  Assimilator, Shield Battery  
  195  10:53  Protoss Ground Weapons Level 3 (Chrono Boost)  
  199  11:02  Warp Prism  
  195  11:05  Protoss Ground Armor Level 2 (Chrono Boost)  
  195  11:11  Disruptor  
  183  11:12  Observer  
  183  11:14  Assimilator  
  183  11:17  Assimilator  
  187  11:20  Pylon  
  187  11:25  Fleet Beacon  
  187  11:28  Stargate  
  187  11:29  Stargate  
  178  11:46  Zealot x10  
  178  11:53  Gravitic Drive  
  178  11:57  Protoss Air Weapons Level 1 (Chrono Boost)  
  174  12:17  Carrier x2 (Chrono Boost)  
  174  12:19  Disruptor  
  190  12:23  Disruptor  
  190  12:37  Zealot  
  190  12:38  Zealot x4  
  180  13:00  Disruptor x2  
  192  13:07  Cybernetics Core  
  192  13:11  Carrier (Chrono Boost), Photon Cannon  
  192  13:12  Photon Cannon  
  192  13:14  Assimilator, Carrier (Chrono Boost), Shield Battery  
  192  13:16  Pylon  
  192  13:18  Assimilator, Protoss Ground Armor Level 3  
  196  13:40  Photon Cannon  
  196  13:41  Photon Cannon  
  196  13:43  Photon Cannon  
  196  13:45  Shield Battery  
  190  13:57  Carrier (Chrono Boost)  
  192  14:07  Protoss Shields Level 1, Nexus  
  192  14:08  Templar Archives  
  192  14:09  Photon Cannon, Gateway  
  198  14:11  Shield Battery  
  198  14:12  Shield Battery, Gateway  
  198  14:15  Carrier (Chrono Boost)  
  194  14:19  Shadow Stride  
  188  14:26  Gateway x2  
  188  14:28  Gateway  
  188  14:30  Photon Cannon, Protoss Air Weapons Level 2 (Chrono Boost)  
  188  14:31  Photon Cannon  
  186  14:32  Shield Battery  
  186  14:33  Protoss Air Armor Level 1 (Chrono Boost)  
  186  14:34  Shield Battery  
  186  14:36  Pylon  
  186  14:45  Carrier (Chrono Boost), Robotics Facility  
  186  14:47  Assimilator  
  186  14:51  Carrier (Chrono Boost)  
  192  14:53  Dark Templar x3  
  192  14:54  Zealot  
  194  15:47  Zealot x4  
  182  16:12  Tempest x3  
  197  16:21  Assimilator  
  197  16:24  Shield Battery  
  197  16:25  Protoss Shields Level 2  
  195  16:26  Shield Battery  
  195  16:27  Sentry, Photon Cannon  
  195  16:29  Stalker, Photon Cannon  
  195  16:30  Stalker x2  
  197  16:38  Protoss Air Armor Level 2 (Chrono Boost)  
  197  16:43  Protoss Air Weapons Level 3 (Chrono Boost)  
  197  16:56  Pylon  
  189  17:15  Sentry  
  191  17:16  Stalker x4  
  191  17:19  Shield Battery x2  
  191  17:22  Nexus  
  199  17:25  Photon Cannon x2  
  199  17:27  Shield Battery  
  199  17:28  Shield Battery  
  199  17:29  Shield Battery  
  199  17:31  Shield Battery  
  199  17:36  Observer x2  
  197  17:46  Observer  
  181  18:14  Unknown  
  181  18:18  Stalker x9  
  181  18:19  Stalker x5  
  199  18:26  Sentry, Stalker  
  191  18:52  Dark Templar x4  
  177  19:20  Stalker x9  
  177  19:21  Stalker x2  
Tags
 
Add a new tag
Caveats
  • Supply blocks, unpowered buildings, or Contaminate may cause inaccurate times.
  • Supply counts are checked every 10 seconds.